AoeStats
← dubege

Arabia

507586446Analyzed
1v1 RM · 14d ago on Sep 18, 2026· 33m 4s· 2 players
Game mode
Random Map
Map size
Tiny (2 player)
Population
200
Speed
Normal
Resources
Standard
Victory
Conquest
Starting age
Dark Age
Ending age
Imperial Age
RankedLock teamsTeams togetherTeam positionsShared explorationLock speedFull tech treeHidden civsTurbo modeCheats
Victory
Defeat
🇹🇷 Huns · Türkiye
1055
+13
🇺🇸 Vietnamese · United States
1000
-13
dubege
5:48 Loom
9:21 Feudal Age
9:56 Horse Collar
16:12 Double-Bit Axe
20:53 Castle Age
20:05 Bloodlines
21:05 Fletching
21:27 Forging
30:44 Iron Casting
32:04 Husbandry
jackbarber818
7:40 Loom
10:37 Feudal Age
30:27 Castle Age
Connection lost

Rejoining the realm…

Still unreachable

The connection could not be restored.

Session expired

The server has moved on; the page needs a fresh start.